Map: 얼어붙은 사원

Players

IIIIIlllllll - Winner!

  • Race: Zerg Zerg
  • League: Grandmaster

llllllllllll (Scarlett)

  • Race: Zerg Zerg
  • League: Grandmaster

VOD

Have the link to the VOD?

Description

Time

  • Played on: April 10, 2016, 5 a.m.
  • Length: 4:58
Show
View Real Time Build Order
Export as new Build Order

IIIIIlllllll Zerg - Winner!

Build Orders: Hatch First, Zergling Baneling 

Get SALT Encoding   

  12  0:00  Drone  
  13  0:12  Overlord  
  13  0:17  Drone  
  14  0:31  Drone x2  
  14  0:34  Drone  
  17  0:51  Hatchery  
  17  0:54  Drone  
  17  0:58  Drone  
  18  1:09  Extractor  
  17  1:15  Spawning Pool  
  17  1:16  Drone  
  17  1:19  Drone  
  18  1:27  Drone  
  19  1:40  Overlord  
  19  2:02  Drone x2, Queen  
  19  2:03  Zergling x2, Queen  
  26  2:09  Metabolic Boost  
  26  2:18  Drone  
  26  2:19  Drone  
  28  2:23  Drone  
  28  2:27  Drone  
  30  2:32  Baneling Nest  
  29  2:44  Drone  
  29  2:47  Drone  
  29  2:48  Drone x2  
  33  2:53  Hatchery  
  33  2:58  Overlord  
  32  3:01  Zergling x2  
  32  3:04  Zergling x2  
  34  3:10  Zergling x4  
  36  3:14  Overlord  
  36  3:20  Baneling x2  
  36  3:22  Baneling x2  
  36  3:32  Queen  
  36  3:33  Zergling x2  
  36  3:34  Zergling x6  
  42  3:36  Zergling x2  
  42  3:37  Zergling x2  
  44  3:46  Roach Warren  
  44  3:47  Baneling x2  
  42  3:52  Overlord  
  42  3:54  Overlord  
  40  4:10  Baneling x2  
  40  4:13  Zergling x14  
  46  4:27  Roach  
  46  4:28  Roach x3  
  53  4:32  Roach  
  53  4:35  Overlord  
  55  4:38  Roach  
Show
View Real Time Build Order
Export as new Build Order

llllllllllll Zerg 

Build Orders: Hatch First, Zergling Baneling 

Get SALT Encoding   

  12  0:01  Drone  
  13  0:08  Drone  
  14  0:18  Overlord  
  14  0:22  Extractor  
  14  0:23  Drone  
  15  0:36  Drone  
  15  0:37  Drone  
  17  0:53  Hatchery  
  17  0:56  Drone  
  17  0:58  Drone  
  18  1:12  Spawning Pool  
  18  1:14  Extractor  
  18  1:17  Drone  
  17  1:19  Drone  
  18  1:28  Drone  
  19  1:38  Overlord  
  19  1:50  Drone  
  20  1:58  Queen  
  20  1:59  Zergling x2  
  23  2:05  Drone, Queen  
  26  2:12  Drone  
  26  2:13  Metabolic Boost  
  27  2:19  Drone  
  28  2:25  Drone  
  29  2:31  Zergling x2  
  29  2:33  Drone  
  29  2:34  Queen  
  33  2:48  Overlord  
  33  2:49  Drone x2  
  35  2:56  Hatchery  
  34  3:04  Baneling Nest  
  33  3:06  Zergling x2  
  33  3:08  Zergling x2  
  35  3:14  Zergling x6  
  38  3:23  Zergling x6  
  38  3:26  Overlord  
  41  3:39  Overlord  
  41  3:43  Zergling x6  
  44  3:52  Baneling x7  
  44  4:01  Zergling x4  
  44  4:02  Zergling x4  
  44  4:09  Baneling x3  
  42  4:11  Zergling x6  
  43  4:26  Baneling  
  43  4:27  Baneling  
  43  4:28  Zergling x16  
Tags
 
Add a new tag
Caveats
  • Supply blocks, unpowered buildings, or Contaminate may cause inaccurate times.
  • Supply counts are checked every 10 seconds.